 Dungeon Crawl Stone Soup version 0.30.1-11-g7821555f0a (webtiles) character file.

Game seed: 1587114861395066641

389 lonewolfV2 the Trooper (level 7, -3/58 HPs)
             Began as a Formicid Fighter on Nov 17, 2023.
             Slain by Pikel
             ... wielding a +0 whip of flaming
              (6 damage)
             ... on level 4 of the Dungeon.
             The game lasted 00:03:01 (3191 turns).

lonewolfV2 the Trooper (Formicid Fighter)           Turns: 3191, Time: 00:03:01

Health: -3/58      AC: 11    Str: 20    XL:     7   Next: 7%
Magic:  7/7        EV:  5    Int:  8    God:
Gold:   230        SH:  5    Dex: 15    Spells: 6/6 levels left

rFire   . . .        a - +1 war axe
rCold   . . .        c - +0 buckler
rNeg    . . .        j - +0 plate armour
rPois   .            (helmet unavailable)
rElec   .            (no cloak)
rCorr   .            (no gloves)
SInv    +            (no boots)
Will    .....        (no amulet) Stlth
                     (no ring)
HPRegen 0.29/turn    (no ring)
MPRegen 0.10/turn

%: no passive effects
@: mighty
A: permanent stasis, dig shafts and tunnels, antennae 3, four strong arms
a: Dig, Shaft Self


You were on level 4 of the Dungeon.
You visited 1 branch of the dungeon, and saw 4 of its levels.

You collected 230 gold pieces.

Inventory:

Hand Weapons
 a - a +1 war axe (weapon)
Armour
 c - a +0 buckler (worn)
 j - a +0 plate armour (worn)
Wands
 i - a wand of mindburst (17)
 k - a wand of iceblast (10)
Potions
 b - a potion of attraction
 e - a potion of mutation
 f - a potion of degeneration {unknown}
 g - a potion of cancellation
 h - a potion of might


   Skills:
 + Level 6.2 Fighting
 + Level 5.1 Axes
 - Level 3.2 Armour
 - Level 4.0 Shields


You had 6 spell levels left.
You didn't know any spells.
Your spell library contained the following spells:

 Spells                   Type           Power      Damage    Failure   Level
 Summon Small Mammal      Summ           0%         N/A       100%        1
 Call Canine Familiar     Summ           0%         N/A       100%        3
 Summon Guardian Golem    Hex/Summ       0%         N/A       100%        3


Dungeon Overview and Level Annotations

Branches:
Dungeon (4/15)
 Temple: D:4-7

Altars:
Ashenzari
Uskayaw

Shops:
D:3 *

Annotations:
D:4 Pikel


Innate Abilities, Weirdness & Mutations

You cannot be hasted, slowed, berserked, paralysed or teleported.
You can dig through walls and to a lower floor.
You have a pair of large antennae on your head. (SInv)
Your four strong arms can wield two-handed weapons with a shield.


Message History

Pikel hits you with a +0 whip of flaming.
Pikel burns you.
You hit Pikel but do no damage.
Pikel is severely wounded.
Pikel hits you with a +0 whip of flaming.
* * * LOW HITPOINT WARNING * * *
Pikel burns you.
* * * LOW HITPOINT WARNING * * *
Pikel hits you with a +0 whip of flaming.
* * * LOW HITPOINT WARNING * * *
Pikel burns you.
* * * LOW HITPOINT WARNING * * *
You feel better. You block Pikel's attack.
You barely miss Pikel.
Pikel is severely wounded.
Pikel hits you but does no damage.
You slash Pikel!
Pikel is almost dead.
Pikel cracks his whip.
Pikel barely misses you.
You closely miss Pikel.
Pikel is almost dead.
Pikel hits you but does no damage.
You hit Pikel but do no damage.
Pikel is almost dead.
Pikel hits you but does no damage.
Pikel hits you with a +0 whip of flaming!
* * * LOW HITPOINT WARNING * * *
Pikel burns you.
* * * LOW HITPOINT WARNING * * *
You feel better. Pikel barely misses you.
You barely miss Pikel.
Pikel is almost dead.
Pikel hits you with a +0 whip of flaming.
* * * LOW HITPOINT WARNING * * *
Pikel burns you.
* * * LOW HITPOINT WARNING * * *
You feel very mighty all of a sudden.
Pikel hits you with a +0 whip of flaming.
You die...

####..## #.#.................#
.......#####.#################.#
.............# #.#
.≈......###### #.# .≈.##...#
##########.# ≈≈§....##
#..>.......# ≈≈§...##
#..........# ≈≈§..>#
######..........# ≈≈§...#
#@..............# ≈§....#
#K####...[.....## #5#
#.........# #5# #.........# #5#
#.........# #5# #...).....# #.#
#.........# #.# ###########


You could see Pikel and 4 lemures.

Vanquished Creatures
  Sigmund (D:2)
  A scorpion (D:4)
  Ijyb (D:3)
  An orc wizard (D:3)
  4 gnolls (D:2)
  3 adders (D:3)
  A worm (D:3)
  A dart slug (D:1)
  5 orcs
  A bat (D:3)
  2 endoplasms
  2 giant cockroaches
  3 hobgoblins
  5 jackals
  5 kobolds
  2 quokkas
  4 ball pythons
  9 goblins
  A rat (D:1)
52 creatures vanquished.

Notes
Turn   | Place    | Note
-------+----------+-------------------------------------------
     0 | D:1      | lonewolfV2 the Formicid Fighter began the quest for the
                  | Orb.
     0 | D:1      | Reached XP level 1. HP: 18/18 MP: 1/1
   403 | D:1      | Reached XP level 2. HP: 24/24 MP: 2/2
  1003 | D:2      | Reached XP level 3. HP: 29/30 MP: 3/3
  1007 | D:2      | Reached skill level 4 in Fighting
  1023 | D:2      | Reached XP level 4. HP: 16/37 MP: 4/4
  1291 | D:2      | Noticed Sigmund
  1320 | D:2      | Killed Sigmund
  1321 | D:2      | Reached skill level 5 in Fighting
  1321 | D:2      | Reached XP level 5. HP: 12/44 MP: 5/5
  1321 | D:2      | Reached XP level 6. HP: 14/51 MP: 6/6
  2183 | D:3      | You fall into a shaft and drop 1 floor!
  2229 | D:3      | Found Etuadoij's Assorted Antiques.
  2568 | D:3      | Noticed Ijyb
  2578 | D:3      | Killed Ijyb
  2579 | D:3      | Reached skill level 6 in Fighting
  2809 | D:4      | Found a broken altar of Ashenzari.
  2845 | D:4      | Found a hide-covered altar of Uskayaw.
  2858 | D:4      | Reached skill level 5 in Axes
  2858 | D:4      | Reached XP level 7. HP: 31/58 MP: 7/7
  3164 | D:4      | Noticed Pikel
  3188 | D:4      | HP: 1/58 [Pikel/+0 whip of flaming (5)]
  3191 | D:4      | Slain by Pikel

Illustrated notes

Levels and vault maps discovered:
D:1:      roderic_chinese_lattice_arrival, layout_basic, st_stairs_11,
          chequers_serial_rivers_large_b, minmay_octomino_j4
D:2:      layout_rooms, uniq_sigmund
D:3:      layout_rooms, serial_shops, shop, minmay_crystal_water,
          corexii_hall_statues_u, uniq_ijyb
D:4:      minmay_wonky_spiral, layout_basic, mainiacjoe_overflow_paths,
          mainiacjoe_overflow_catwalk, overflow_temple_1_default, uniq_natasha,
          uniq_pikel, uniq_edmund

Skill      XL: |  1  2  3  4  5  6 |
---------------+-------------------+-----
Fighting       | 4 5 6 |  6.2
Axes           | 3 4 5 |  5.1
Armour         | |  3.2
Shields        | |  4.0

Action                     |  1- 3 |  4- 6 |  7- 9 || total
---------------------------+-------+-------+-------++-------
  Melee: War axe           |    64 |   120 |    25 ||   209
    Use: Scroll            |     3 |     6 |       ||     9
         Potion            |     2 |       |     4 ||     6
 Armour: Scale mail        |    23 |       |       ||    23
         Chain mail        |     9 |    42 |       ||    51
         Plate armour      |       |    33 |     9 ||    42
  Dodge: Dodged            |    33 |    37 |     5 ||    75
  Block: Buckler           |    15 |    31 |     4 ||    50
